[Event "Team 45 45 League T43"]
[Site "Internet Chess Club"]
[Date "2009.11.15"]
[Round "3"]
[White "chiiwen"]
[Black "spunni"]
[Result "1-0"]
[WhiteElo "2094"]
[BlackElo "1925"]
[Opening "Ruy Lopez: open, 6.d4"]
[ECO "C80"]
[Time "11:15:15"]
[TimeControl "2700+45"]

1. e4 e5 2. Nf3 Nc6 3. Bb5 a6 4. Ba4 Nf6 5. d4 Nxe4 6. O-O d5 7. Nxe5 Bd7 8.
Nxc6 Bxc6 9. Bxc6+ bxc6 10. f3 Nf6 11. Re1+ Be7 12. Qe2 Qd7 13. Bg5 Kd8 14. Nd2
c5 15. dxc5 Bxc5+ 16. Kh1 Qf5 17. Qe5 Qxe5 18. Rxe5 c6 19. Rf5 Be7 20. c4 Re8
21. Rd1 h6 22. Bxf6 Bxf6 23. cxd5 Bxb2 24. dxc6 Kc7 25. Rxf7+ Kxc6 26. Ne4 Red8
27. Rb1 Rab8 28. h4 Be5 29. Rc1+ Kd5 30. Ra7 Rb6 31. g3 Rdb8 32. Rd7+ Ke6 33.
Nc5+ Kf6 34. f4 Bb2 35. Rcd1 Kf5 36. R7d3 Rc6 37. Rd5+ Kg4 38. Kg2 Rg8 39. Ne4
g5 40. Nf2+ Kh5 41. hxg5 hxg5 42. g4+ Kh6 43. Rh1+ Kg7 44. Rxg5+ Kf8 45. Rf5+
Ke8 46. Re1+ Kd8 47. Rd5+ Kc7 48. Re2 Ba3 49. g5 Bd6 50. Rd4 Rf8 51. Nd3 Rc3 52.
Nb4 Bxb4 53. Rxb4 Rh8 54. Rb3 Rc1 55. Rh3 Rf8 56. Rf2 Rc4 57. Kg3 Kd7 58. Kg4
Rc6 59. Rh7+ Ke8 60. Rb2 {Black resigns} 1-0

[Event "Team 45 45 League T43"]
[Site "Internet Chess Club"]
[Date "2009.11.17"]
[Round "3"]
[White "giltar"]
[Black "bogolijubov"]
[Result "1/2-1/2"]
[WhiteElo "1842"]
[BlackElo "1853"]
[Opening "Queen's pawn: Yusupov-Rubinstein system"]
[ECO "A46"]
[Time "14:03:23"]
[TimeControl "2700+45"]

1. d4 Nf6 2. Nf3 e6 3. e3 c5 4. Bd3 Be7 5. O-O b6 6. c4 Bb7 7. Nc3 cxd4 8. exd4
d5 9. cxd5 Nxd5 10. Ne5 Nd7 11. Bb5 Nf6 12. d5 O-O 13. Nxd7 Nxd7 14. dxe6 Ne5
15. Bf4 Bf6 16. Re1 Ng6 17. Bd6 Bxc3 18. bxc3 Qg5 19. Bf1 Nh4 20. Bg3 fxe6 21.
Rxe6 Rad8 22. Rd6 Kh8 23. Rb1 Nf5 24. Rb5 Rxd6 25. Qxd6 Nxd6 26. Rxg5 Ne4 27.
Rg4 Nxg3 28. Rxg3 Rd8 29. Rd3 Rc8 30. Rd7 Be4 31. f3 Bf5 32. Rxa7 Rxc3 33. Ra8+
Rc8 34. Rxc8+ Bxc8 35. Bc4 g6 36. Kf2 Kg7 37. Ke3 Kf6 38. Kd4 Bb7 39. Bd5 Ba6
40. g3 Bb5 41. a3 Ba6 42. Bc6 Ke6 43. Bd5+ Kd6 44. h4 Bc8 45. Bg8 h6 46. Bd5 g5
47. hxg5 hxg5 48. Be4 Ba6 49. f4 gxf4 50. gxf4 Bc8 51. Kc4 Bd7 52. Bb7 Ke6 53.
Kd4 Kf5 54. Ke3 Be6 55. Bc6 Bc8 56. Be4+ Kf6 57. Kd4 Ke6 58. Kc4 Bd7 59. Kd4 Bc8
60. Ba8 Bd7 61. Ke4 Bc8 62. Bc6 Kf6 63. Bd5 Bd7 64. Ke3 Kf5 65. Be4+ Kf6 66. Kd4
Ke6 67. f5+ Kd6 68. Bd3 Bc6 69. Bc4 Bd7 70. f6 Bc6 71. f7 Ke7 72. Ke5 Bf3 73.
Be6 Bc6 74. Kf5 Bf3 75. Kg6 Kf8 76. Kf6 Bh5 77. Bc4 Bg4 78. Bb5 Bh5 79. Be8 Bg4
80. Ke5 Ke7 81. Kd5 Bf3+ 82. Kc4 Be2+ 83. Kb4 Bd3 84. Bb5 Be4 85. Bc4 Bc6 86.
Be6 Kf8 87. Kc4 Ke7 88. Kd4 Bf3 89. Kc4 Bc6 90. Bd5 b5+ 91. Kc5 Bxd5 92. Kxd5
Kxf7 93. Kc5 Ke7 94. Kxb5 Kd7 95. Kb6 Kc8 {Game drawn by mutual agreement}
1/2-1/2

[Event "Team 45 45 League T43"]
[Site "Internet Chess Club"]
[Date "2009.11.21"]
[Round "3"]
[White "tsia68"]
[Black "chess9793"]
[Result "1-0"]
[WhiteElo "1900"]
[BlackElo "1851"]
[Opening "Sicilian defense"]
[ECO "B30"]
[Time "15:08:38"]
[TimeControl "2700+45"]

1. e4 c5 2. Nf3 Nc6 3. d3 e6 4. g3 g6 5. Bg2 Bg7 6. O-O Nge7 7. c3 d5 8. Nbd2
O-O 9. Re1 b6 10. h4 h5 11. e5 Ba6 12. Nf1 Rc8 13. Bf4 d4 14. c4 b5 15. b3 bxc4
16. bxc4 Rb8 17. N1d2 Qc7 18. Nb3 Na5 19. Nxa5 Qxa5 20. Ng5 Nf5 21. Ne4 Rb2 22.
Nf6+ Kh8 23. Bg5 Nh6 24. Qc1 Rfb8 25. Bxh6 Qc3 26. Bxg7+ Kxg7 27. Be4 Rd2 28.
Rb1 Rb6 29. Rxb6 axb6 30. Rd1 Rxd1+ 31. Qxd1 b5 32. cxb5 Bxb5 33. Qb1 Qa5 34.
Qb3 c4 35. dxc4 Qe1+ 36. Kg2 d3 37. Qxd3 {Black resigns} 1-0